 Dungeon Crawl Stone Soup version 0.31.0-1-g2c135a0 (webtiles) character file.

Game seed: 14072299687050648699

253078 Radamante the Frost Mage (level 19, -38/161 HPs)
             Began as a Grey Draconian Ice Elementalist on Apr 22, 2024.
             Was the Champion of Cheibriados.
             Annihilated by an Ice Fiend (41 damage)
             ... summoned by a deep elf demonologist
             ... on level 3 of the Elven Halls.
             The game lasted 02:38:47 (46856 turns).

Radamante the Frost Mage (DrIE)                    Turns: 46856, Time: 02:38:47

Health: -38/161    AC: 30    Str: 29    XL:     19   Next: 37%
Magic:  29/35      EV: 20    Int: 43    God:    Cheibriados [******]
Gold:   3511       SH: 24    Dex: 27    Spells: 4/43 levels left

rFire   . . .        b - +9 hand cannon (heavy)
rCold   . . .        K - +5 kite shield of the Moon Troll {*Slow rPois Stlth+}
rNeg    . . .        (body armour unavailable)
rPois   +            R - +2 hat
rElec   .            c - +2 cloak
rCorr   +            j - +2 pair of gloves
SInv    .            X - +2 pair of boots
Will    +....        d - amulet of reflection
Stlth   +++++        l - +6 ring of intelligence
HPRegen 0.46/turn    y - ring of the Invisible Hand {rCorr AC+4}
MPRegen 0.24/turn

%: slow self (1%), reflection
@: slowed, very slow
A: AC +15, amphibious, unfitting armour, cold-blooded, clever 1
}: 1/15 runes: barnacled
a: Renounce Religion, Bend Time, Temporal Distortion, Slouch, Step From Time


You were on level 3 of the Elven Halls.
You worshipped Cheibriados.
Cheibriados was exalted by your worship.
You visited 6 branches of the dungeon, and saw 32 of its levels.
You visited the Abyss 1 time.
You also visited: Volcano.

You collected 4250 gold pieces.
You spent 739 gold pieces at shops.

Inventory:

Hand Weapons
 a - the +12 lance "Wyrmbane" {slay drac, rPois rF+ rC+ AC+3}
   (You took it off Maggie on level 6 of the Dungeon)

   AC+3:      It affects your AC (+3).
   rF+:       It protects you from fire.
   rC+:       It protects you from cold.
   rPois:     It protects you from poison
 b - a +9 heavy hand cannon (weapon)
 w - a +3 antimagic demon trident
Missiles
 e - 26 poisoned darts
 g - 42 boomerangs
 i - 23 silver javelins
 C - 15 javelins
 G - 12 darts of dispersal
 N - 3 throwing nets
 S - 6 curare-tipped darts
Armour
 c - a +2 cloak (worn)
 j - a +2 pair of gloves (worn)
 K - the +5 kite shield of the Moon Troll (worn) {*Slow rPois Stlth+}
   (You found it on level 5 of the Lair of Beasts)

   rPois:     It protects you from poison *Slow: It may slow you when you take
   damage.
   Stlth+:    It makes you more stealthy.
 R - a +2 hat (worn)
 X - a +2 pair of boots (worn)
Jewellery
 d - an amulet of reflection (around neck)
 f - a ring of protection from cold
 h - a ring of protection from fire
 k - a ring of willpower
 l - a +6 ring of intelligence (left hand)
 r - a ring of flight
 y - the ring of the Invisible Hand (right hand) {rCorr AC+4}
   (You took it off a merfolk on level 4 of the Shoals)

   [ring of protection]

   AC+4:      It affects your AC (+4).
   rCorr:     It protects you from acid and corrosion.
Wands
 x - a wand of paralysis (44)
 D - a wand of iceblast (46)
 O - a wand of mindburst (4)
 T - a wand of flame (32)
 V - a wand of digging (18)
 Z - a wand of quicksilver (19)
Scrolls
 m - 7 scrolls of revelation
 n - 3 scrolls of summoning
 q - 3 scrolls of blinking
 t - 4 scrolls of poison
 H - 4 scrolls of fog
 L - 2 scrolls of fear
 Y - 5 scrolls of immolation
Potions
 o - 6 potions of enlightenment
 p - 15 potions of curing
 s - 5 potions of resistance
 u - 2 potions of cancellation
 v - 8 potions of brilliance
 z - 4 potions of lignification
 A - 4 potions of heal wounds
 E - a potion of invisibility
 I - 5 potions of magic
 J - 5 potions of might
 Q - 3 potions of ambrosia
 U - 5 potions of attraction
 W - a potion of berserk rage
Miscellaneous
 B - a sack of spiders
 F - a phantom mirror
 M - a tin of tremorstones (2/2)
 P - a phial of floods


   Skills:
 * Level 12.3 Fighting
 - Level 12.4 Polearms
 * Level 8.9 Ranged Weapons
 + Level 4.6 Throwing
 + Level 9.2 Dodging
 + Level 5.2 Stealth
 + Level 11.4 Shields
 - Level 0.1 Unarmed Combat
 + Level 12.5 Spellcasting
 + Level 3.6 Conjurations
 * Level 6.4 Hexes
 * Level 10.4 Summonings
 + Level 6.5 Necromancy
 + Level 1.3 Translocations
 + Level 13.4 Ice Magic
 + Level 2.6 Air Magic
 + Level 7.8 Earth Magic
 * Level 12.0 Invocations
 + Level 0.3 Evocations


You had 4 spell levels left.
You knew the following spells:

 Your Spells              Type           Power      Damage    Failure   Level
a - Freeze                Ice            100%       1d10      0%          1
b - Frozen Ramparts       Ice            100%       1d16      1%          3
c - Ozocubu's Armour      Ice            97%        N/A       1%          3
d - Shock                 Conj/Air       100%       1d9       1%          1
e - Summon Ice Beast      Ice/Summ       92%        N/A       1%          3
f - Gell's Gravitas       Tloc           38%        N/A       3%          3
g - Brom's Barrelling Bo  Conj/Erth      66%        2d8       1%          4
h - Confusing Touch       Hex            70%        N/A       1%          3
i - Passwall              Erth           76%        N/A       1%          3
j - Inner Flame           Hex/Fire       53%        N/A       1%          3
k - Freezing Cloud        Conj/Ice/Air   35%        6-21      3%          5
l - Borgnjor's Vile Clut  Necr/Erth      36%        N/A       2%          5
m - Blink                 Tloc           76%        N/A       1%          2

Your spell library contained the following spells:

 Spells                   Type           Power      Damage    Failure   Level
 Kiss of Death            Conj/Necr      100%       2d13      1%          1
 Sandblast                Erth           100%       2d20      1%          1
 Slow                     Hex            100%       N/A       1%          1
 Sting                    Conj/Alch      100%       1d9       1%          1
 Call Imp                 Summ           100%       N/A       1%          2
 Lesser Beckoning         Tloc           76%        N/A       1%          2
 Mercury Vapours          Alch/Air       76%        N/A       1%          2
 Momentum Strike          Conj/Tloc      96%        3d10      1%          2
 Sublimation of Blood     Necr           70%        N/A       1%          2
 Fugue of the Fallen      Necr           70%        N/A       1%          3
 Hailstorm                Conj/Ice       79%        3d13      1%          3
 Sigil of Binding         Hex            70%        N/A       1%          3
 Stone Arrow              Conj/Erth      100%       3d13      1%          3
 Swiftness                Air            49%        N/A       1%          3
 Vampiric Draining        Necr           70%        2d11      1%          3
 Anguish                  Hex/Necr       35%        N/A       1%          4
 Cause Fear               Hex            35%        N/A       1%          4
 Dispel Undead            Necr           70%        3d24      1%          4
 Mephitic Cloud           Conj/Alch/Air  44%        N/A       2%          3
 Teleport Other           Tloc           38%        N/A       3%          3
 Airstrike                Air            24%        2d(4-20)  5%          4
 Flame Wave               Conj/Fire      42%        2d11      8%          4
 Manifold Assault         Tloc           38%        N/A       10%         4
 Olgreb's Toxic Radiance  Alch           26%        N/A       17%         4
 Sticky Flame             Fire/Alch      27%        2d7       17%         4
 Sculpt Simulacrum        Ice/Alch       35%        N/A       16%         6
 Summon Hydra             Summ           43%        N/A       19%         7
 Fireball                 Conj/Fire      21%        3d10      22%         5
 Irradiate                Conj/Alch      21%        3d18      22%         5
 Alistair's Intoxication  Alch           17%        N/A       43%         5
 Enfeeble                 Hex            35%        N/A       69%         7
 Eringya's Noxious Bog    Alch           13%        4d6       95%         6
 Ignition                 Fire           13%        3d6       100%        8
 Dragon's Call            Summ           43%        N/A       100%        9


Dungeon Overview and Level Annotations

Branches:
Dungeon (15/15)            Temple (0/1) D:4            Lair (5/5) D:9
 Shoals (4/4) Lair:2       Spider (3/4) Lair:3        Slime (0/5) Lair:4
    Orc (2/2) D:11            Elf (3/3) Orc:2        Vaults (0/5) D:14
 Depths (0/4) D:15        Volcano (visited)

Altars:
Cheibriados
Dithmenos
Elyvilon
Qazlal
Ru
Sif Muna
Uskayaw
Wu Jian
Yredelemnul
Jiyva
Lugonu

Shops:
D:6 *!   D:14 !   Orc:2 ??([

Portals:
Abyss: Shoals:2
Trove: D:10 (show abyssal rune of Zot)

Annotations:
Shoals:2 1 runed translucent door
Elf:2 3 runed translucent doors


Innate Abilities, Weirdness & Mutations

Your dull iron-grey scales are very hard. (AC +15)
You are amphibious.
You cannot fit into any form of body armour.
You are cold-blooded and may be slowed by cold attacks.
Your mind is acute. (Int +4, Str/Dex -1)


Message History

The bolt hits the deep elf demonologist!!!
The deep elf demonologist is severely wounded.
The deep elf demonologist casts a spell.
The deep elf demonologist gestures wildly while chanting.
Unknown command.
You shoot a bolt. The bolt hits the Ice Fiend!!!
The Ice Fiend is heavily wounded.
The Ice Fiend calls on the powers of darkness!
The deep elf annihilator convulses!
Your body is wracked with pain!
You are too injured to fight recklessly!
Unknown command.
You see here a +0 rapier.
Something hits you!
You feel your power leaking away.
Deactivating autopickup; reactivate with Ctrl-A.
You enter the shallow water.
You block something's attack. The Ice Fiend gestures at you.
The bolt of cold hits you.
You hear a splashing noise.
Items here: " ) [ †.
The Ice Fiend attacks as it pursues you!
The Ice Fiend claws you but does no damage. x2
The deep elf annihilator casts a spell.
The deep elf annihilator blinks!
The Ice Fiend claws you but does no damage.
The Ice Fiend claws you. The Ice Fiend freezes you!!!
You feel yourself slow down.
* * * LOW HITPOINT WARNING * * *
The deep elf demonologist casts a spell.
As you read the scroll of fear, it crumbles to dust.
You assume a fearsome visage.
The Ice Fiend is unaffected.
The red devil looks frightened!
The ice devil easily resists.
The deep elf annihilator easily resists.
The deep elf demonologist looks frightened!
The Ice Fiend gestures at you. The bolt of cold misses you.
Something barely misses you. The Ice Fiend claws you!
* * * LOW HITPOINT WARNING * * *
The Ice Fiend freezes you!!!
You die...

..#...######'#############'##..##
..#..............................
..#..............................
..#...........................)..
.)####################)#######'##
.....................)...........
.................................
................).............[..
.)#############.@#############)..
..# #{1# #[.. ..# #~e# #... ..#
#~~# #.). ..# #..# #... ..# #.4#
#).. ..# #4§# #)[. ).# #..# #...
..# #..# #...


You could see an Ice Fiend (summoned), a deep elf annihilator, an ice devil
(summoned) and a red devil (summoned, fleeing).

Vanquished Creatures
  Mara (Spider:3)
  A bone dragon (Abyss:3)
  Arachne (Spider:2)
  Rupert (D:14)
  2 deep elf master archers (Elf:3)
  A deep elf blademaster (Elf:3)
  Polyphemus (Shoals:2)
  A storm dragon (Shoals:4)
  Kirke (Lair:3)
  Ilsuiw (Shoals:2)
  Roxanne (D:15)
  An emperor scorpion (Spider:2)
  2 deep elf elementalists (Elf:3)
  A deep elf sorcerer (Elf:1)
  A stone giant (D:15)
  An ophan (Abyss:3)
  A formless jellyfish (Shoals:2)
  2 broodmothers
  5 deep elf annihilators (Elf:3)
  A purple draconian (Abyss:3)
  3 deep elf death magi (Elf:3)
  Azrael (Elf:1)
  A deep elf demonologist (Elf:3)
  A red draconian (Volcano)
  A minotaur (Shoals:3)
  A spark wasp (Spider:2)
  Josephine (Orc:2)
  19 merfolk impalers
  Snorg (D:10)
  8 merfolk javelineers
  4 entropy weavers
  2 deep elf high priests (Elf:3)
  4 hydras
  The ghost of mushindo the Sneak, a journeyman HuFE of Gozag (Orc:2)
  A jorogumo (Spider:1)
  A death knight (D:13)
  5 two-headed ogres
  2 alligator snapping turtles (Shoals:4)
  4 centaur warriors
  2 merfolk avatars
  3 catoblepae
  8 merfolk aquamancers
  6 boulder beetles
  3 satyrs
  3 tengu warriors
  7 demonic crawlers
  17 death yaks
  2 thrashing horrors (Abyss:3)
  19 dancing weapons
  4 hell hogs (Abyss:3)
  17 deep elf knights
  Sonja (Lair:3)
  A shock serpent (shapeshifter) (Elf:3)
  2 wretched stars (Abyss:3)
  6 skysharks
  A spatial maelstrom (Abyss:3)
  6 sea snakes
  4 pharaoh ants
  Lodul (D:10)
  2 large abominations (Abyss:3)
  A shadow demon (Abyss:3)
  An orb spider (Spider:1)
  A harpy (shapeshifter) (Abyss:3)
  12 deep elf archers
  15 deep elf zephyrmancers
  8 orc knights
  Pikel (D:5)
  3 steelbarb worms
  21 deep elf pyromancers
  15 harpies
  An oklob plant (Lair:1)
  5 cyclopes
  19 ugly things
  9 wolf spiders
  13 manticores
  15 fauns
  3 orc sorcerers
  2 worldbinders (Abyss:3)
  2 moths of wrath
  The ghost of joeMamaqwertyuiop the Sneak, a novice FeIE (D:7)
  6 elephants
  A faun (shapeshifter) (Elf:2)
  10 meliai
  6 kobold blastminers
  3 black mambas
  An apocalypse crab (Shoals:2)
  A torpor snail (Spider:2)
  A cane toad (shapeshifter) (Abyss:3)
  17 merfolk sirens
  14 water nymphs
  Maggie (D:6)
  14 cane toads
  2 kobold demonologists (D:12)
  5 rime drakes
  An unseen horror (D:11)
  A gargoyle (D:12)
  6 komodo dragons
  3 yaktaurs (Volcano)
  3 efreet
  Psyche (D:9)
  A tengu conjurer (D:13)
  2 polar bears
  31 merfolk
  10 wind drakes
  20 tarantellas
  9 trolls
  A hornet (D:5)
  Grinder (D:5)
  A snapping turtle (shapeshifter) (Elf:3)
  6 raiju (Abyss:3)
  A harpy skeleton (Abyss:3)
  6 blink frogs
  4 dream sheep (Shoals:1)
  8 snapping turtles
  13 slime creatures
  9 air elementals
  A centaur simulacrum (D:14)
  15 culicivoras
  15 jumping spiders
  18 water elementals
  4 small abominations (Abyss:3)
  A shadow (D:12)
  Eustachio (D:5)
  5 basilisks
  6 wraiths
  9 fire elementals
  33 yaks
  9 wargs
  7 wyverns
  A hog (Lair:3)
  16 vampire mosquitoes
  28 redbacks
  3 steam dragons
  A spatial vortex (Abyss:3)
  A naga (shapeshifter) (D:13)
  An acid dragon (D:11)
  22 water moccasins
  2 hell hounds (Elf:1)
  2 ice beasts
  30 orc warriors
  2 sky beasts
  10 ogres
  2 laughing skulls (D:15)
  17 wolves
  12 centaurs
  4 lemures (D:5)
  3 kobold brigands
  A weeping skull (Abyss:3)
  12 bullfrogs
  2 gnoll sergeants (D:6)
  4 scorpions
  2 earth elementals (Elf:2)
  5 wights (Abyss:3)
  5 killer bees (D:10)
  4 howler monkeys
  10 electric eels
  A lava snake (D:14)
  7 orc priests
  4 hounds
  A jelly (D:8)
  5 gnoll boudas
  2 sleepcaps
  30 orc wizards
  4 adders
  31 gnolls
  4 white imps
  3 ufetubi
  3 ribbon worms (D:2)
  3 dart slugs
  78 orcs
  3 endoplasms
  3 giant cockroaches
  16 goblins
  12 hobgoblins
  7 jackals
  2 quokkas
  4 ball pythons
  5 bats
  35 kobolds
  4 rats
1164 creatures vanquished.

Vanquished Creatures (collateral kills)
  A deep elf demonologist (Elf:3)
  2 merfolk impalers
  A merfolk javelineer (Shoals:1)
  Harold (Orc:1)
  Erica (Orc:1)
  A catoblepas (Lair:5)
  Urug (Orc:1)
  A two-headed ogre (D:9)
  A polar bear (Lair:5)
  A snapping turtle (Shoals:2)
  A wyvern (Lair:4)
  A yak (Lair:5)
  A warg (Orc:2)
  A vampire mosquito (D:10)
  An orc warrior (D:9)
  A jelly (D:6)
  2 orc priests
  3 gnolls (D:5)
  A shadow imp (D:6)
  A white imp (D:6)
  An orc (D:9)
  A boulder (Elf:3)
26 creatures vanquished.

Vanquished Creatures (others)
  Norris (Elf:3)
  2 deep elf pyromancers
  A deep elf zephyrmancer (Elf:1)
  A slime creature (D:12)
  A water elemental (Elf:1)
  3 boulders (Elf:3)
9 creatures vanquished.

Grand Total: 1199 creatures vanquished

Notes
Turn   | Place    | Note
-------+----------+-------------------------------------------
     0 | D:1      | Radamante the Draconian Ice Elementalist began the quest
                  | for the Orb.
     0 | D:1      | Reached XP level 1. HP: 14/14 MP: 3/3
   168 | D:1      | Reached XP level 2. HP: 20/20 MP: 0/5
   447 | D:1      | You fall into a shaft and drop 1 floor!
   735 | D:2      | Reached XP level 3. HP: 15/26 MP: 1/6
  2080 | D:3      | Reached XP level 4. HP: 30/33 MP: 4/8
  2135 | D:3      | Found a basalt altar of Yredelemnul.
  2468 | D:3      | Found a snail-covered altar of Cheibriados.
  2468 | D:3      | Found a sacrificial altar of Ru.
  2529 | D:3      | Became a worshipper of Cheibriados the Contemplative
  2629 | D:4      | Learned a level 3 spell: Frozen Ramparts
  2633 | D:4      | Learned a level 3 spell: Ozocubu's Armour
  2781 | D:4      | Reached skill level 5 in Ice Magic
  3073 | D:4      | Reached XP level 5. HP: 38/38 MP: 7/10
  3195 | D:4      | Reached * piety under Cheibriados
  3605 | D:4      | Found a staircase to the Ecumenical Temple.
  3643 | D:4      | Gained mutation: Your mind is acute. (Int +4, Str/Dex -1)
                  | [potion of mutation]
  3644 | D:4      | Reached XP level 6. HP: 3/45 MP: 2/12
  3866 | D:4      | Reached ** piety under Cheibriados
  4085 | D:5      | Entered Level 5 of the Dungeon
  4109 | D:5      | Learned a level 1 spell: Shock
  4113 | D:5      | Learned a level 3 spell: Summon Ice Beast
  4124 | D:5      | Noticed Pikel
  4249 | D:6      | Reached skill level 1 in Summonings
  4498 | D:5      | Noticed a hornet
  4507 | D:5      | Killed a hornet
  4508 | D:5      | Reached skill level 5 in Spellcasting
  4508 | D:5      | Reached skill level 6 in Ice Magic
  4508 | D:5      | Your scales start taking on a dull iron-grey colour.
  4508 | D:5      | Reached XP level 7. HP: 51/51 MP: 5/15
  4586 | D:5      | Noticed Eustachio
  4604 | D:5      | Killed Eustachio
  4605 | D:5      | Reached skill level 1 in Fighting
  4776 | D:5      | Killed Pikel
  4777 | D:5      | Reached skill level 7 in Ice Magic
  4777 | D:5      | Reached XP level 8. HP: 34/59 MP: 6/17
  5184 | D:5      | Noticed Grinder
  5190 | D:5      | Paralysed by Grinder for 4 turns
  5205 | D:5      | Killed Grinder
  5279 | D:5      | Reached *** piety under Cheibriados
  5467 | D:5      | Found a stormy altar of Qazlal.
  5519 | D:5      | Found an ornate altar of the Wu Jian Council.
  5521 | D:5      | Found a white marble altar of Elyvilon.
  5526 | D:5      | Reached skill level 1 in Conjurations
  5566 | D:5      | Found a shadowy altar of Dithmenos.
  5719 | D:5      | Found a shimmering blue altar of Sif Muna.
  5864 | D:6      | Noticed Maggie
  5865 | D:6      | Found Menewon's Distillery.
  5895 | D:6      | Killed Maggie
  5896 | D:6      | Reached skill level 8 in Ice Magic
  5896 | D:6      | Reached XP level 9. HP: 49/64 MP: 5/20
  5999 | D:6      | Bought a potion of enlightenment for 55 gold pieces
  5999 | D:6      | Bought a potion of heal wounds for 55 gold pieces
  5999 | D:6      | Bought a potion of might for 44 gold pieces
  5999 | D:6      | Bought a potion of curing for 33 gold pieces
  6275 | D:6      | Found Rikheh's Fire Supplies.
  6293 | D:6      | Reached skill level 1 in Polearms
  6785 | D:7      | Found a runed translucent door.
  6785 | D:7      | Noticed joeMamaqwertyuiop's ghost (novice FeIE)
  6899 | D:7      | Reached skill level 1 in Shields
  7017 | D:7      | Reached **** piety under Cheibriados
  7283 | D:7      | Reached skill level 9 in Ice Magic
  8168 | D:8      | Identified the +5 ring mail of the Maze {+Blink rCorr
                  | Slay-3}
  8189 | D:8      | Reached XP level 10. HP: 74/74 MP: 16/22
  8506 | D:9      | Noticed a two-headed ogre
  8523 | D:9      | Killed a two-headed ogre
  8534 | D:9      | Reached ***** piety under Cheibriados
  8535 | D:9      | Reached skill level 1 in Air Magic
  8724 | D:9      | Found a staircase to the Lair.
  8726 | D:9      | Noticed Psyche
  8861 | D:9      | Killed Psyche
  9162 | D:10     | Entered Level 10 of the Dungeon
  9174 | D:9      | Reached skill level 1 in Throwing
  9330 | D:10     | Reached skill level 5 in Polearms
  9419 | D:10     | Noticed Lodul
  9427 | D:10     | Reached skill level 10 in Ice Magic
  9433 | D:10     | Killed Lodul
  9434 | D:10     | Reached XP level 11. HP: 81/83 MP: 15/24
  9616 | D:10     | Noticed a two-headed ogre
  9627 | D:10     | Killed a two-headed ogre
  9772 | D:10     | Identified the +2 rapier of the Hall of Blades {flame, rF+
                  | Will+ rCorr}
  9779 | D:10     | Noticed Snorg
  9790 | D:10     | Killed Snorg
 10433 | D:10     | Found a portal to a secret trove of treasure.
 10661 | D:11     | Noticed a two-headed ogre
 10764 | D:11     | Noticed a two-headed ogre
 10772 | D:11     | Killed a two-headed ogre
 10834 | D:11     | Found a staircase to the Orcish Mines.
 10868 | D:11     | Noticed a two-headed ogre
 10879 | D:11     | Killed a two-headed ogre
 11609 | D:11     | Reached skill level 5 in Dodging
 12114 | D:11     | Noticed a white ugly thing
 12138 | D:11     | Killed a white ugly thing
 12248 | D:11     | Reached ****** piety under Cheibriados
 12251 | D:11     | Killed a two-headed ogre
 12276 | D:11     | Noticed a boulder beetle
 12294 | D:11     | Killed a boulder beetle
 12565 | D:12     | Noticed a green ugly thing
 12578 | D:12     | Killed a green ugly thing
 12579 | D:12     | Reached XP level 12. HP: 88/93 MP: 19/25
 12675 | D:12     | Noticed a two-headed ogre
 12814 | D:12     | Found a corrupted altar of Lugonu.
 12820 | D:12     | Reached skill level 1 in Invocations
 13123 | D:12     | Reached skill level 10 in Spellcasting
 13145 | D:12     | Killed a two-headed ogre
 13146 | D:12     | Reached skill level 5 in Fighting
 13319 | D:12     | Reached skill level 11 in Ice Magic
 13340 | D:12     | Reached skill level 5 in Shields
 13661 | D:12     | Learned a level 3 spell: Gell's Gravitas
 14088 | D:7      | Killed joeMamaqwertyuiop's ghost
 14089 | D:7      | Reached skill level 1 in Translocations
 14217 | D:13     | Noticed a death knight
 14238 | D:13     | Killed a death knight
 14534 | Lair:1   | Entered Level 1 of the Lair of Beasts
 14715 | Lair:1   | Learned a level 4 spell: Brom's Barrelling Boulder
 14719 | Lair:1   | Learned a level 3 spell: Confusing Touch
 14723 | Lair:1   | Learned a level 3 spell: Passwall
 14727 | Lair:1   | Learned a level 3 spell: Inner Flame
 15777 | Lair:1   | Reached XP level 13. HP: 91/102 MP: 23/27
 16102 | Lair:2   | Reached skill level 5 in Invocations
 16476 | Lair:2   | Found a staircase to the Shoals.
 16739 | Lair:3   | Noticed Sonja
 16759 | Lair:3   | Killed Sonja
 17182 | Lair:3   | Found a hole to the Spider Nest.
 17308 | Lair:3   | Noticed Kirke
 17340 | Lair:3   | Killed Kirke
 18707 | Lair:4   | Found a viscous altar of Jiyva.
 18707 | Lair:4   | Found a staircase to the Slime Pits.
 18780 | Lair:5   | Entered Level 5 of the Lair of Beasts
 18941 | Lair:5   | Reached skill level 1 in Earth Magic
 19044 | Lair:5   | Reached skill level 10 in Polearms
 19159 | Lair:5   | Reached skill level 1 in Necromancy
 19269 | Lair:5   | Identified the +5 kite shield of the Moon Troll {*Slow
                  | rPois Stlth+}
 19369 | Lair:5   | Reached XP level 14. HP: 111/111 MP: 19/28
 20114 | Lair:5   | Got the Octavo of the Misty Jinx
 20878 | Orc:1    | Entered Level 1 of the Orcish Mines
 21069 | Orc:1    | Learned a level 5 spell: Freezing Cloud
 21129 | Orc:2    | Entered Level 2 of the Orcish Mines
 21299 | Orc:2    | Found a runed translucent door.
 21301 | Orc:2    | Noticed mushindo's ghost (journeyman HuFE)
 21335 | Orc:2    | Found a dark tunnel.
 21353 | Volcano  | Entered a volcano
 21459 | Volcano  | Found a burning altar of Makhleb.
 21803 | Orc:2    | Reached skill level 12 in Ice Magic
 21842 | Orc:2    | Reached skill level 1 in Ranged Weapons
 22003 | Orc:2    | Found Kuize's Armour Shop.
 22003 | Orc:2    | Found Widil's Antique Weapon Boutique.
 22198 | Orc:2    | Found Boidun's Magic Scroll Shop.
 22227 | Orc:2    | Bought a scroll of identify for 20 gold pieces
 22227 | Orc:2    | Bought a scroll of poison for 40 gold pieces
 22227 | Orc:2    | Bought 2 scrolls of amnesia for 80 gold pieces
 22227 | Orc:2    | Bought a scroll of blinking for 75 gold pieces
 22227 | Orc:2    | Bought a scroll of identify for 20 gold pieces
 22227 | Orc:2    | Bought a scroll of teleportation for 30 gold pieces
 22286 | Orc:2    | Paralysed by an orc sorcerer for 3 turns
 22757 | Orc:2    | Found Igen's Magic Scroll Boutique.
 22768 | Orc:2    | Bought a scroll of enchant weapon for 97 gold pieces
 22768 | Orc:2    | Bought a scroll of immolation for 52 gold pieces
 22768 | Orc:2    | Bought a scroll of teleportation for 39 gold pieces
 22768 | Orc:2    | Bought a scroll of teleportation for 39 gold pieces
 23044 | Orc:2    | Noticed Josephine
 23075 | Orc:2    | Killed Josephine
 23133 | Orc:2    | Found a staircase to the Elven Halls.
 23256 | Orc:2    | Killed mushindo's ghost
 23359 | Orc:1    | Noticed Harold
 23384 | Orc:1    | Noticed Erica
 23386 | Orc:1    | Killed Harold
 23387 | Orc:1    | Reached skill level 5 in Summonings
 23393 | Orc:1    | Killed Erica
 23394 | Orc:1    | Reached skill level 5 in Earth Magic
 23630 | Orc:1    | Noticed Urug
 23697 | Orc:1    | Paralysed by Urug for 4 turns
 23786 | Orc:1    | Killed Urug
 23787 | Orc:1    | Reached XP level 15. HP: 119/119 MP: 13/30
 26304 | D:14     | Found Dogriclo's Distillery.
 26366 | D:14     | Noticed Rupert
 26382 | D:14     | Paralysed by Rupert for 3 turns
 26387 | D:14     | Paralysed by Rupert for 2 turns
 26481 | D:14     | Paralysed by Rupert for 4 turns
 26496 | D:14     | Killed Rupert
 26647 | D:14     | Found a gate to the Vaults.
 26846 | D:14     | Bought a potion of brilliance for 60 gold pieces
 27055 | D:15     | Entered Level 15 of the Dungeon
 27337 | D:15     | Found a hide-covered altar of Uskayaw.
 27380 | D:15     | Noticed Roxanne
 27526 | D:15     | Reached skill level 5 in Necromancy
 27740 | D:15     | Killed Roxanne
 27975 | D:15     | Found a staircase to the Depths.
 28336 | Spider:1 | Entered Level 1 of the Spider Nest
 29322 | Spider:1 | Reached XP level 16. HP: 87/129 MP: 17/31
 30412 | Spider:2 | Learned a level 5 spell: Borgnjor's Vile Clutch
 30581 | Spider:2 | Noticed Arachne
 30607 | Spider:2 | Killed Arachne
 30608 | Spider:2 | Reached skill level 5 in Stealth
 32012 | Spider:3 | Noticed Mara
 32135 | Spider:3 | Noticed Radamante's illusion
 32179 | Spider:3 | Killed Mara
 33361 | Shoals:1 | Entered Level 1 of the Shoals
 33374 | Shoals:1 | Reached skill level 10 in Invocations
 33375 | Shoals:1 | Reached skill level 1 in Hexes
 34485 | Shoals:1 | Reached XP level 17. HP: 137/139 MP: 32/32
 34907 | Shoals:2 | Reached skill level 10 in Fighting
 35183 | Shoals:2 | Noticed Ilsuiw
 35238 | Shoals:2 | Reached skill level 5 in Ranged Weapons
 35900 | Shoals:2 | Killed Ilsuiw
 36257 | Shoals:2 | Noticed Polyphemus
 36299 | Shoals:2 | Killed Polyphemus
 36484 | Shoals:2 | Found a runed translucent door.
 36532 | Shoals:2 | Learned a level 2 spell: Blink
 36802 | Shoals:2 | Found a corrupted altar of Lugonu.
 36802 | Shoals:2 | Found a one-way gate to the infinite horrors of the Abyss.
 37077 | Shoals:4 | Entered Level 4 of the Shoals
 37077 | Shoals:4 | Found a hide-covered altar of Uskayaw.
 37148 | Shoals:4 | Found a stormy altar of Qazlal.
 37170 | Shoals:4 | Identified the ring of the Invisible Hand {rCorr AC+4}
 37192 | Shoals:4 | Paralysed by an air elemental for 1 turns
 37196 | Shoals:4 | Paralysed by an air elemental for 1 turns
 37408 | Shoals:4 | Reached skill level 10 in Shields
 37768 | Shoals:3 | Found a hide-covered altar of Uskayaw.
 37887 | Shoals:3 | Identified the +8 arbalest of Wiro Vuwn {antimagic, Dex+3}
 38965 | Shoals:4 | Paralysed by an air elemental for 1 turns
 38967 | Shoals:4 | Paralysed by an air elemental for 1 turns
 38971 | Shoals:4 | Paralysed by an air elemental for 1 turns
 38977 | Shoals:4 | Paralysed by an air elemental for 1 turns
 39093 | Shoals:4 | Paralysed by an air elemental for 1 turns
 39127 | Shoals:4 | Paralysed by an air elemental for 1 turns
 39129 | Shoals:4 | Paralysed by an air elemental for 1 turns
 39180 | Shoals:4 | Paralysed by an air elemental for 1 turns
 39714 | Shoals:4 | Reached XP level 18. HP: 114/151 MP: 30/34
 40304 | Shoals:4 | Got a barnacled rune of Zot
 40775 | Elf:1    | Entered Level 1 of the Elven Halls
 41183 | Elf:1    | Reached skill level 5 in Hexes
 41434 | Elf:1    | Noticed Azrael
 41448 | Elf:1    | Killed Azrael
 41539 | Elf:1    | Identified the +11 glaive "Nocel" {flame, rN+}
 41766 | Elf:1    | Found a corrupted altar of Lugonu.
 42035 | Elf:1    | Paralysed by an air elemental for 1 turns
 42058 | Elf:1    | Reached skill level 13 in Ice Magic
 43376 | Elf:2    | Found a runed translucent gate.
 43376 | Elf:2    | Found a runed translucent gate.
 43376 | Elf:2    | Found a runed translucent gate.
 43794 | Elf:3    | Entered Level 3 of the Elven Halls
 44017 | Elf:3    | Reached skill level 10 in Summonings
 44462 | Elf:3    | Paralysed by a deep elf pyromancer for 4 turns
 44471 | Elf:3    | Noticed Norris
 44706 | Abyss:3  | Cast into level 3 of the Abyss (a deep elf demonologist)
 45043 | Abyss:3  | Noticed a bone dragon
 45126 | Abyss:3  | Killed a bone dragon
 45127 | Abyss:3  | Reached XP level 19. HP: 151/160 MP: 28/35
 45454 | Elf:3    | Escaped the Abyss
 45457 | Elf:3    | Noticed a Brimstone Fiend
 45789 | Elf:3    | Killed Norris
 46319 | Elf:3    | Identified the +3 leather armour "Januest" {Int+4 Dex+2}
 46772 | Elf:3    | Identified the amulet "Iciddur" {Reflect Rampage rCorr
                  | Dex-4 SH+5 Stlth+}
 46831 | Elf:3    | Identified the +2 storm dragon scales of Riusud {rElec rC+
                  | Int+3}
 46856 | Elf:3    | HP: 3/161 [Ice Fiend[a deep elf demonologist] (8)]
 46856 | Elf:3    | Annihilated by an Ice Fiend

Illustrated notes

Levels and vault maps discovered:
D:1:      scummos_arrival_hexagon, layout_rooms
D:2:      layout_loops_ring
D:3:      layout_rooms, amethyst_overflow_temple_binary,
          mainiacjoe_overflow_chevrons
D:4:      corexii_shantytown, layout_cave_pools,
          minmay_temple_entry_statues_pillars
D:5:      layout_basic, mainiacjoe_overflow_alcove_4, led_sif_book, minitemple,
          uniq_eustachio, uniq_pikel, uniq_grinder
D:6:      layout_loops_ring, serial_shops, shop_coins, nicolae_shop_fire_sale
          [nicolae_sub_dead_trees], uniq_maggie
D:7:      layout_gridville, hellmonk_ghost_happy_afterlife
D:8:      layout_rooms, chequers_avenue
D:9:      layout_big_octagon, lair_entry_dummy,
          eino_small_chamber_without_monster, uniq_psyche
D:10:     layout_cave_pods, nicolae_trove_entry_free_sample, uniq_snorg,
          uniq_lodul
D:11:     layout_basic, orc_0_dummy, minmay_unpleasant_kobolds
D:12:     kennysheep_kobold_lugonu_temple, layout_rooms, lemuel_old_faithful
D:13:     layout_gridville
D:14:     layout_loops_cross, david_vaults_1, serial_shops,
          nicolae_inconvenience_store, minmay_misc_feat_columns,
          minmay_misc_feat_tower, uniq_rupert
D:15:     grunt_enter_depths_snipers, layout_rooms, old_standard_altar,
          uniq_roxanne
Lair:1:   layout_roguey, st_stairs_7, nicolae_quartered_pool_little,
          minivault_24, minmay_lair_oklob_bushes, grunt_megastairs_2
Lair:2:   layout_gridlike, mainiacjoe_shoals_entry_four_pools
Lair:3:   layout_cave_pods, nicolae_spider_entry_lesser_pyramids, uniq_sonja,
          uniq_kirke
Lair:4:   layout_big_grid, dpeg_slime_entry_corner
Lair:5:   evilmike_catoblepas_cave, layout_layer_cave,
          grunt_forest_large_clearings, serial_bayou_shore_b
Shoals:1: layout_shoals, nicolae_shoals_pincushion_passage
Shoals:2: layout_shoals, nicolae_shoals_abyss_on_the_beach, uniq_polyphemus,
          uniq_ilsuiw
Shoals:3: layout_shoals, regret_index_shoals_crete
Shoals:4: shoals_end_hellmonk_storm_palace [storm_palace_center_square,
          storm_palace_corner_reverse_hut, storm_palace_corner_altar,
          storm_palace_corner_altar, storm_palace_corner_narrow]
Spider:1: layout_cave_pods
Spider:2: layout_spider_delve, nicolae_spider_circle_web, uniq_arachne
Spider:3: layout_chambers, nicolae_spider_wall_of_niches, uniq_mara
Orc:1:    layout_caves, uniq_erica, uniq_urug, uniq_harold
Orc:2:    st_orc_town, layout_diamond_mine, nicolae_volcano_entry_hallway,
          serial_shops, shop, ebering_ghost_reflecting_pool, uniq_josephine
Elf:1:    minmay_elf_arrival_summoners, layout_loops_ring,
          hangedman_corner_corridor, nicolae_elf_theology_debate, uniq_azrael
Elf:2:    nicolae_elf_blades_crystal_corner, layout_gridlike, serial_glass,
          glass_columns_b, glass_columns_a, glass_columns_b, glass_columns_c,
          feat_on_display
Elf:3:    elf_hall_gauntlet_wide, layout_onion_city,
          nicolae_elf_variegated_diamond, uniq_norris

Skill      XL: |  1  2  3  4  5  6  7  8  9 10 11 12 13 14 15 16 17 18 19 |
---------------+----------------------------------------------------------+-----
Dodging        | 2 3 4 5 6 7 8 9 |  9.2
Spellcasting   | 3 4 5 6 7 8 9 10 11 12 | 12.5
Stealth        | 2 3 4 5 |  5.2
Ice Magic      | 5 6 7 8 9 10 11 12 13 | 13.4
Summonings     | 1 2 3 5 6 7 8 10 | 10.4
Fighting       | 1 2 3 4 5 6 7 8 9 11 12 | 12.3
Conjurations   | 2 3 |  3.6
Polearms       | 3 5 8 9 10 11 12 | 12.4
Shields        | 2 3 4 6 7 8 9 10 11 | 11.4
Air Magic      | 1 2 |  2.6
Throwing       | 1 2 3 4 |  4.6
Invocations    | 4 7 8 9 10 11 12 | 12.0
Translocations | 1 |  1.3
Earth Magic    | 2 5 6 7 |  7.8
Necromancy     | 1 4 5 6 |  6.5
Ranged Weapons | 1 2 4 7 8 |  8.9
Hexes          | 2 4 5 6 |  6.4
Unarmed Combat | |  0.1
Evocations     | |  0.3

Action                     |  1- 3 |  4- 6 |  7- 9 | 10-12 | 13-15 | 16-18 | 19-21 || total
---------------------------+-------+-------+-------+-------+-------+-------+-------++-------
  Melee: Unarmed           |    33 |     5 |     1 |     6 |       |       |       ||    45
         Tailslap          |     3 |     1 |     8 |    93 |   189 |   172 |    29 ||   495
         Lance             |       |       |   104 |   545 |  1043 |   904 |   183 ||  2779
         Demon trident     |       |       |       |       |       |    20 |       ||    20
         Hand cannon       |       |       |       |       |       |     1 |       ||     1
   Fire: Hand cannon       |       |       |       |       |   133 |   612 |    13 ||   758
  Throw: Dart              |       |       |    11 |    94 |   241 |     2 |     6 ||   354
   Cast: Freeze            |    84 |    79 |    10 |       |       |       |       ||   173
         Frozen Ramparts   |       |    10 |    27 |    45 |    85 |    96 |     5 ||   268
         Ozocubu's Armour  |       |     4 |    17 |    22 |    32 |    14 |     3 ||    92
         Summon Ice Beast  |       |     5 |     2 |     5 |    21 |    13 |     2 ||    48
         Shock             |       |       |    37 |     4 |     3 |     2 |    10 ||    56
         Inner Flame       |       |       |       |     2 |       |     1 |       ||     3
         Gell's Gravitas   |       |       |       |     1 |       |     4 |       ||     5
         Freezing Cloud    |       |       |       |       |    25 |    51 |    18 ||    94
         Borgnjor's Vile C |       |       |       |       |       |     8 |     7 ||    15
         Brom's Barrelling |       |       |       |       |       |       |     6 ||     6
 Invoke: Slouch            |       |       |       |       |     6 |       |       ||     6
         Temporal Distorti |       |       |       |       |       |     1 |       ||     1
  Evoke: Wand              |       |       |       |       |     1 |       |       ||     1
         Sack of spiders   |       |       |       |       |       |     1 |       ||     1
    Use: Potion            |       |     1 |       |       |       |     3 |       ||     4
         Scroll            |       |       |    10 |     6 |    18 |    19 |     3 ||    56
   Stab: Sleeping          |       |       |     3 |     7 |     9 |     4 |       ||    23
         Distracted        |       |       |     1 |     5 |     7 |     8 |     2 ||    23
         Held in net/web   |       |       |       |       |       |     2 |       ||     2
 Armour: Skin              |    54 |    40 |   101 |   375 |   335 |   739 |    44 ||  1688
  Dodge: Dodged            |    64 |    37 |    66 |   316 |   397 |   620 |    24 ||  1524
  Block: Other             |     8 |    24 |    11 |       |       |       |       ||    43
         Reflection        |     2 |     5 |     5 |    16 |    88 |   159 |    27 ||   302
         Buckler           |       |       |    62 |   323 |   130 |       |       ||   515
         Kite shield       |       |       |       |       |   725 |  1645 |   116 ||  2486
